AoeStats
← tobesch

Four Lakes

508731967Analyzed
1v1 RM · 8d ago on Sep 23, 2026· 37m 4s· 2 players
Game mode
Random Map
Map size
Tiny (2 player)
Population
200
Speed
Normal
Resources
Standard
Victory
Conquest
Starting age
Dark Age
Ending age
Imperial Age
RankedLock teamsTeams togetherTeam positionsShared explorationLock speedFull tech treeHidden civsTurbo modeCheats
Victory
Defeat
🇪🇸 Varangians · Spain
1060
+15
🇩🇪 Magyars · Germany
1047
-15
tobesch
5:32 Loom
11:14 Feudal Age
11:58 Horse Collar
12:29 Double-Bit Axe
17:24 Wheelbarrow
20:42 Castle Age
19:13 Scale Barding Armor
21:09 Light Cavalry
22:16 Bloodlines
22:31 Chain Barding Armor
23:21 Bow Saw
26:22 Husbandry
28:38 Hand Cart
30:15 Fletching
30:25 Padded Archer Armor
30:25 Gold Mining
30:29 Stone Mining
31:34 Town Watch
32:35 Bodkin Arrow
33:27 Corvinian Army
35:12 Leather Archer Armor
a.arias.age
10:21 Feudal Age
12:10 Double-Bit Axe
12:35 Loom
17:14 Castle Age
15:56 Forging
17:16 Light Cavalry
18:38 Scale Barding Armor
18:29 Stone Mining
20:27 Gold Mining
21:36 Horse Collar
22:29 Bloodlines
22:55 Fishing Lines
25:46 Wheelbarrow
27:01 Iron Casting
29:56 Chain Barding Armor
31:02 Vendel Legacy
34:52 Imperial Age
34:30 Bow Saw
34:18 Fletching
Connection lost

Rejoining the realm…

Still unreachable

The connection could not be restored.

Session expired

The server has moved on; the page needs a fresh start.